Senateurs vs Kings
Created - April 15, 2024 at 19:13
Goals
|
| Senateurs |
0 |
1 |
1 |
0 |
1 |
3 |
| Kings |
1 |
1 |
0 |
0 |
0 |
2 |
|
Shots
|
| Senateurs |
15 |
14 |
8 |
3 |
5 |
40 |
| Kings |
9 |
9 |
6 |
3 |
5 |
27 |
|
1st period
1. Kings , Mitch Marner 29 (Auston Matthews 30, Neal Pionk 9) at 5:11
Penalties :
Mark Stuart (Ott) for Hooking (Minor) at 0:21, Eric Gelinas (Ott) for Hooking (Minor) at 5:38, Mark Stuart (Ott) for Holding (Minor) at 12:48, Sam Bennett (L.A) for Roughing (Minor) at 15:53
2nd period
2. Senateurs , Erik Gudbranson 14 (Brandon Sutter 44, Tomas Nosek 4) at 5:24
3. Kings , Chris Tierney 19 (Auston Matthews 31) at 15:55
Penalties :
Neal Pionk (L.A) for Unsportsmanlike conduct (Minor) at 10:43
3rd period
4. Senateurs , Jordan Martinook 15 (Brandon Sutter 45, Eric Gelinas 28) at 9:09
Penalties :
Colton Parayko (L.A) for High sticking (Minor) at 4:11, Charlie McAvoy (L.A) for Interference (Minor) at 9:44, Victor Hedman (L.A) for Interference (Minor) at 15:49
Overtime #1
No Goal
Penalties :
No Penalty
Shootout
Senateurs, Nick Bjugstad - Stopped by Alexandar Georgiev
Kings, Johnny Gaudreau - Shot Misses the Net
Senateurs, Derick Brassard - Stopped by Alexandar Georgiev
Kings, Nick Suzuki - Stopped by Mikko Koskinen
Senateurs, Brandon Sutter - Stopped by Alexandar Georgiev
Kings, Mikko Rantanen - Stopped by Mikko Koskinen
Senateurs, Michael Frolik - Shot Misses the Net
Kings, Auston Matthews - Stopped by Mikko Koskinen
Senateurs, Riley Sheahan - Goal!
Kings, Tyler Johnson - Stopped by Mikko Koskinen
Penalties :
No Penalty
Goalie Stats
Mikko Koskinen (Ott), 25 saves from 27 shots - (0.926), W, 7-6-1, 65:00 minutes
Alexandar Georgiev (L.A), 38 saves from 40 shots - (0.950), OTL, 23-29-6, 65:00 minutes
Players Stats for Senateurs
Player Name G A P +/- PIM S H SB GA TA FO MP PP MP PK MP
------------------------------------------------------------------------------------
Brandon Sutter 0 2 2 2 0 2 2 0 0 1 9/15 18:29 4:14 2:13
Dennis Everberg 0 0 0 -1 0 0 0 1 0 1 0/0 7:20 0:00 0:00
Derick Brassard 0 0 0 0 0 2 3 1 2 2 2/5 26:26 5:41 3:26
Eric Gelinas 0 1 1 1 2 3 1 0 2 1 0/0 25:46 6:16 2:16
Erik Gudbranson 1 0 1 1 0 3 2 3 0 1 0/0 28:35 6:16 3:40
Jordan Martinook 1 0 1 2 0 4 1 1 0 0 0/0 17:25 4:14 2:28
Ladislav Smid 0 0 0 -1 0 2 1 1 1 0 0/0 22:05 3:39 3:26
Mark Stuart 0 0 0 -1 4 1 1 0 0 1 0/0 21:17 3:39 0:25
Mattias Ekholm 0 0 0 0 0 2 1 0 0 0 0/0 12:46 0:00 0:00
Michael Frolik 0 0 0 0 0 8 3 0 0 0 0/1 22:15 5:41 0:00
Nick Bjugstad 0 0 0 0 0 0 1 0 0 0 18/33 25:57 5:41 3:16
Pierre-Edouard Bellemare 0 0 0 -1 0 3 1 0 0 0 3/4 12:16 0:00 0:00
Riley Sheahan 0 0 0 -1 0 0 1 0 1 0 1/1 13:01 0:00 0:28
Rostislav Olesz 0 0 0 -1 0 4 1 0 0 0 0/0 10:45 0:00 0:03
Taylor Chorney 0 0 0 0 0 1 0 0 2 0 0/0 14:48 0:00 2:07
Tim Schaller 0 0 0 -1 0 2 0 0 0 0 1/1 7:16 0:00 0:00
Tomas Nosek 0 1 1 -1 0 1 1 0 0 0 2/2 7:16 0:00 0:00
William Nylander 0 0 0 2 0 2 1 0 1 0 0/0 15:17 4:14 0:00
Players Stats for Kings
Player Name G A P +/- PIM S H SB GA TA FO MP PP MP PK MP
------------------------------------------------------------------------------------
Alex Killorn 0 0 0 0 0 1 0 0 0 0 0/0 7:50 0:04 1:19
Auston Matthews 0 2 2 1 0 2 0 0 1 0 4/9 17:29 3:13 0:00
Brian Ferlin 0 0 0 -1 0 3 2 1 0 2 1/1 18:16 0:04 5:31
Charlie McAvoy 0 0 0 1 2 0 1 1 0 0 0/0 16:07 0:00 0:34
Chris Tierney 1 0 1 1 0 2 4 0 1 0 0/1 18:25 0:00 2:17
Colton Parayko 0 0 0 1 2 0 2 0 1 1 0/0 23:40 3:14 2:45
Jared Cowen 0 0 0 0 0 0 4 0 0 0 0/0 22:43 0:00 5:56
Johnny Gaudreau 0 0 0 0 0 4 0 0 0 0 3/5 16:22 3:13 0:00
Martin Marincin 0 0 0 0 0 2 0 0 0 1 0/0 19:37 0:00 5:56
Matthew Tkachuk 0 0 0 0 0 1 2 0 2 2 0/1 9:26 2:40 0:00
Mikko Rantanen 0 0 0 -1 0 1 1 0 0 1 0/0 15:38 3:13 0:00
Mitch Marner 1 0 1 1 0 7 0 0 0 0 1/1 16:44 2:40 0:00
Neal Pionk 0 1 1 -1 2 0 0 0 1 1 0/0 17:45 0:00 3:14
Nick Suzuki 0 0 0 0 0 0 2 2 1 0 6/18 15:34 2:40 0:31
Sam Bennett 0 0 0 -1 2 2 2 0 0 0 7/14 16:23 2:43 1:40
Tyler Johnson 0 0 0 0 0 2 1 0 0 0 4/9 22:32 3:18 5:55
Victor Hedman 0 0 0 -1 2 0 0 0 0 1 0/0 20:15 2:43 1:25
Zac Rinaldo 0 0 0 0 0 0 0 1 0 0 0/3 10:14 0:00 2:37
3 Stars
1 - Alexandar Georgiev (L.A)
2 - Brandon Sutter (Ott)
3 - Jordan Martinook (Ott)
Power Play
Senateurs - 0 on 5 Attempt(s) - 0.00%
Kings - 0 on 3 Attempt(s) - 0.00%
Penalty Kill
Senateurs - 3 on 3 Attempt(s) - 100.00%
- Score 0 goal in Penalty Kill
Kings - 5 on 5 Attempt(s) - 100.00%
- Score 0 goal in Penalty Kill
Team Stat
Senateurs - Hits : 21 - Faceoff Wins : 36 - Blocked Shots : 7 - Penalty Minutes : 6
Kings - Hits : 21 - Faceoff Wins : 26 - Blocked Shots : 5 - Penalty Minutes : 10
Official
Referees : Brandon Schrader and Trevor Hanson
Linesman : Michel Cormier and Ryan Galloway
Game Notes
No Game Note
Finance
Level 1 -- Attendance: 6000 (100.00%) -- Ticket Income $600,000
Level 2 -- Attendance: 4810 (96.20%) -- Ticket Income $288,600
Level 3 -- Attendance: 1794 (89.70%) -- Ticket Income $62,790
Level 4 -- Attendance: 3874 (96.85%) -- Ticket Income $96,850
Luxury Box -- Attendance: 923 (92.30%) -- Ticket Income $184,600
Game was played at the Staples Center.
Total Attendance: 17401 (96.67%)
Total Ticket Income: $1,232,840
Other Income: $184,926
Total Income: $1,417,766
Senateurs
5 vs 5 Forward
Center Left Wing Right Wing Time % Phy DF OF
1 Nick Bjugstad Derick Brassard Michael Frolik 40 1 2 2
2 Brandon Sutter Jordan Martinook William Nylander 30 1 2 2
3 Pierre-Edouard Bellemare Rostislav Olesz Riley Sheahan 20 1 2 2
4 Tomas Nosek Tim Schaller Dennis Everberg 10 1 2 2
5 vs 5 Defense
Defense Defense Time % Phy DF OF
1 Erik Gudbranson Eric Gelinas 40 1 2 2
2 Mark Stuart Ladislav Smid 30 1 2 2
3 Taylor Chorney Mattias Ekholm 20 1 2 2
4 Erik Gudbranson Mattias Ekholm 10 1 2 2
PowerPlay Forward
Center Left Wing Right Wing Time % Phy DF OF
1 Nick Bjugstad Derick Brassard Michael Frolik 60 1 2 2
2 Brandon Sutter Jordan Martinook William Nylander 40 1 2 2
PowerPlay Defense
Defense Defense Time % Phy DF OF
1 Erik Gudbranson Eric Gelinas 60 1 2 2
2 Mark Stuart Ladislav Smid 40 1 2 2
Penalty Kill 4 Players Forward
Center Wing Time % Phy DF OF
1 Nick Bjugstad Derick Brassard 60 1 2 2
2 Brandon Sutter Jordan Martinook 40 1 2 2
Penalty Kill 4 Players Defense
Defense Defense Time % Phy DF OF
1 Erik Gudbranson Eric Gelinas 60 1 2 2
2 Mark Stuart Ladislav Smid 40 1 2 2
Penalty Kill - 3 Players Forward
Forward Time % Phy DF OF
1 Nick Bjugstad 60 1 2 2
2 Brandon Sutter 40 1 2 2
Penalty Kill - 3 Players Defense
Defense Defense Time % Phy DF OF
1 Erik Gudbranson Eric Gelinas 60 1 2 2
2 Mark Stuart Ladislav Smid 40 1 2 2
4 vs 4 Forward
Center Wing Time % Phy DF OF
1 Nick Bjugstad Derick Brassard 60 1 2 2
2 Brandon Sutter Jordan Martinook 40 1 2 2
4 vs 4 Defense
Defense Defense Time % Phy DF OF
1 Erik Gudbranson Eric Gelinas 60 1 2 2
2 Mark Stuart Ladislav Smid 40 1 2 2
Last Minutes Offensive
Center Left Wing Right Wing Defense Defense
Nick Bjugstad Derick Brassard Michael Frolik Erik Gudbranson Eric Gelinas
Last Minutes Defensive
Center Left Wing Right Wing Defense Defense
Nick Bjugstad Derick Brassard Michael Frolik Erik Gudbranson Eric Gelinas
Goaltenders
Starting : Mikko Koskinen
Backup : Martin Jones
Extra Forwards
Normal : Riley Sheahan, Pierre-Edouard Bellemare, William Nylander - PP : Riley Sheahan, Pierre-Edouard Bellemare - PK : Riley Sheahan
Extra Defensemen
Normal : Ladislav Smid, Taylor Chorney, Mattias Ekholm - PP : Ladislav Smid - PK : Ladislav Smid, Taylor Chorney
Penalty Shots
Nick Bjugstad, Derick Brassard, Brandon Sutter, Michael Frolik, Riley Sheahan
Custom OT Lines Forwards
Nick Bjugstad, Derick Brassard, Brandon Sutter, Michael Frolik, Riley Sheahan, Pierre-Edouard Bellemare, William Nylander, Jordan Martinook, Rostislav Olesz, Dennis Everberg
Custom OT Lines Defensemen
Erik Gudbranson, Eric Gelinas, Mark Stuart, Ladislav Smid, Taylor Chorney
Scratches
Dmitry Sinitsyn (Broken Ribs Injury), Kyle Rau (Healthy)
Kings
5 vs 5 Forward
Center Left Wing Right Wing Time % Phy DF OF
1 Nick Suzuki Johnny Gaudreau Tyler Johnson 35 1 2 2
2 Sam Bennett Brian Ferlin Mikko Rantanen 30 1 2 2
3 Auston Matthews Chris Tierney Mitch Marner 30 1 2 2
4 Zac Rinaldo Alex Killorn Matthew Tkachuk 5 1 2 2
5 vs 5 Defense
Defense Defense Time % Phy DF OF
1 Charlie McAvoy Colton Parayko 35 1 2 2
2 Jared Cowen Neal Pionk 33 1 2 2
3 Victor Hedman Martin Marincin 32 1 2 2
4 Martin Marincin Jared Cowen 0 1 2 2
PowerPlay Forward
Center Left Wing Right Wing Time % Phy DF OF
1 Auston Matthews Johnny Gaudreau Mikko Rantanen 60 1 2 2
2 Nick Suzuki Mitch Marner Matthew Tkachuk 40 1 2 2
PowerPlay Defense
Defense Defense Time % Phy DF OF
1 Tyler Johnson Colton Parayko 60 1 2 2
2 Victor Hedman Sam Bennett 40 1 2 2
Penalty Kill 4 Players Forward
Center Wing Time % Phy DF OF
1 Tyler Johnson Brian Ferlin 60 1 2 2
2 Chris Tierney Zac Rinaldo 40 1 2 2
Penalty Kill 4 Players Defense
Defense Defense Time % Phy DF OF
1 Jared Cowen Martin Marincin 60 1 2 2
2 Neal Pionk Colton Parayko 40 1 2 2
Penalty Kill - 3 Players Forward
Forward Time % Phy DF OF
1 Tyler Johnson 60 1 2 2
2 Chris Tierney 40 1 2 2
Penalty Kill - 3 Players Defense
Defense Defense Time % Phy DF OF
1 Jared Cowen Martin Marincin 60 1 2 2
2 Victor Hedman Colton Parayko 40 1 2 2
4 vs 4 Forward
Center Wing Time % Phy DF OF
1 Johnny Gaudreau Tyler Johnson 60 1 2 2
2 Chris Tierney Mikko Rantanen 40 1 2 2
4 vs 4 Defense
Defense Defense Time % Phy DF OF
1 Jared Cowen Colton Parayko 60 1 2 2
2 Victor Hedman Neal Pionk 40 1 2 2
Last Minutes Offensive
Center Left Wing Right Wing Defense Defense
Auston Matthews Johnny Gaudreau Tyler Johnson Victor Hedman Neal Pionk
Last Minutes Defensive
Center Left Wing Right Wing Defense Defense
Sam Bennett Chris Tierney Brian Ferlin Jared Cowen Colton Parayko
Goaltenders
Starting : Alexandar Georgiev
Backup : Charlie Lindgren
Extra Forwards
Normal : Matthew Tkachuk, Brian Ferlin, Sam Bennett - PP : Matthew Tkachuk, Brian Ferlin - PK : Sam Bennett
Extra Defensemen
Normal : Victor Hedman, Neal Pionk, Martin Marincin - PP : Neal Pionk - PK : Victor Hedman, Charlie McAvoy
Penalty Shots
Johnny Gaudreau, Nick Suzuki, Mikko Rantanen, Auston Matthews, Tyler Johnson
Custom OT Lines Forwards
Johnny Gaudreau, Tyler Johnson, Chris Tierney, Mikko Rantanen, Auston Matthews, Brian Ferlin, Mitch Marner, Sam Bennett, Nick Suzuki, Matthew Tkachuk
Custom OT Lines Defensemen
Jared Cowen, Colton Parayko, Victor Hedman, Neal Pionk, Martin Marincin
Scratches
Kevin Hayes (Torn Left ACL Injury), Ole-Kristian Tollefsen (Healthy), Raphael Diaz (Healthy)
% Time on Ice - Senateurs
Lines # - Real PCT - Wanted PCT - Time Play
Normal Forward
1 - 35% - 40% - 15:38
2 - 24% - 30% - 10:32
3 - 24% - 20% - 10:42
4 - 16% - 10% - 7:16
Normal Defense
1 - 37% - 40% - 16:17
2 - 34% - 30% - 15:05
3 - 27% - 20% - 11:54
4 - 2% - 10% - 0:52
PP Forward
1 - 57% - 60% - 5:41
2 - 43% - 40% - 4:14
PP Defense
1 - 63% - 60% - 6:16
2 - 37% - 40% - 3:39
PK Forward
1 - 63% - 60% - 3:44
2 - 37% - 40% - 2:13
PK Defense
1 - 60% - 60% - 3:34
2 - 40% - 40% - 2:23
PK3 Forward
1 - 0% - 60%
2 - 0% - 40%
PK3 Defense
1 - 0% - 60%
2 - 0% - 40%
44 Forward
1 - 0% - 60%
2 - 0% - 40%
44 Defense
1 - 0% - 60%
2 - 0% - 40%
Last Minute Offensive - 0:00
Last Minute Defensive - 0:00
Total
Forward - 60:00
Defense - 60:00
|
% Time on Ice - Kings
Lines # - Real PCT - Wanted PCT - Time Play
Normal Forward
1 - 28% - 35% - 12:15
2 - 29% - 30% - 12:43
3 - 30% - 30% - 13:06
4 - 14% - 5% - 6:04
Normal Defense
1 - 37% - 35% - 16:22
2 - 35% - 33% - 15:20
3 - 28% - 32% - 12:26
4 - 0% - 0% - 0:00
PP Forward
1 - 55% - 60% - 3:17
2 - 45% - 40% - 2:40
PP Defense
1 - 54% - 60% - 3:14
2 - 46% - 40% - 2:43
PK Forward
1 - 74% - 60% - 7:18
2 - 26% - 40% - 2:37
PK Defense
1 - 60% - 60% - 5:56
2 - 40% - 40% - 3:59
PK3 Forward
1 - 0% - 60%
2 - 0% - 40%
PK3 Defense
1 - 0% - 60%
2 - 0% - 40%
44 Forward
1 - 0% - 60%
2 - 0% - 40%
44 Defense
1 - 0% - 60%
2 - 0% - 40%
Last Minute Offensive - 0:00
Last Minute Defensive - 0:00
Total
Forward - 60:00
Defense - 60:00
|
Play-by-Play
1st period
0:01 of 1st period - Nick Bjugstad wins face-off versus Nick Suzuki in neutral zone.
0:10 of 1st period - Slapshot by Tyler Johnson.
0:10 of 1st period - Stopped by Mikko Koskinen without a rebound.
0:11 of 1st period - Sam Bennett wins face-off versus Brandon Sutter in Senateurs zone.
0:21 of 1st period - Minor Penalty to Mark Stuart for Hooking.
0:22 of 1st period - Johnny Gaudreau wins face-off versus Nick Bjugstad in Senateurs zone.
0:24 of 1st period - Backhand shot by Mikko Rantanen.
0:24 of 1st period - Deflect By Auston Matthews.
0:24 of 1st period - Stopped by Mikko Koskinen with a rebound.
0:48 of 1st period - Matthew Tkachuk is hit by Eric Gelinas and loses puck.
1:39 of 1st period - Colton Parayko is hit by Jordan Martinook and loses puck.
1:46 of 1st period - Taylor Chorney is hit by Colton Parayko and loses puck.
2:21 of 1st period - Penalty to Mark Stuart is over, Mark Stuart is back on ice.
2:57 of 1st period - Backhand shot by Riley Sheahan.
2:57 of 1st period - Shot Misses the Net.
2:59 of 1st period - Slapshot by Pierre-Edouard Bellemare.
2:59 of 1st period - Stopped by Alexandar Georgiev without a rebound.
3:00 of 1st period - Pierre-Edouard Bellemare wins face-off versus Nick Suzuki in Kings zone.
3:03 of 1st period - Wrist shot by Pierre-Edouard Bellemare.
3:03 of 1st period - Stopped by Alexandar Georgiev without a rebound.
3:04 of 1st period - Nick Suzuki wins face-off versus Brandon Sutter in Kings zone.
3:39 of 1st period - Backhand shot by Derick Brassard.
3:39 of 1st period - Shot Misses the Net.
3:41 of 1st period - Slapshot by Mark Stuart.
3:41 of 1st period - Deflect By Chris Tierney.
3:41 of 1st period - Stopped by Alexandar Georgiev without a rebound.
3:42 of 1st period - Brandon Sutter wins face-off versus Sam Bennett in Kings zone.
3:54 of 1st period - Off-side.
3:55 of 1st period - Nick Bjugstad wins face-off versus Sam Bennett in neutral zone.
4:22 of 1st period - Eric Gelinas is hit by Nick Suzuki and loses puck.
4:51 of 1st period - Off-side.
4:52 of 1st period - Tomas Nosek wins face-off versus Auston Matthews in neutral zone.
4:57 of 1st period - Snap shot by Mark Stuart.
4:57 of 1st period - Shot Misses the Net.
5:11 of 1st period - Slapshot by Mitch Marner.
5:11 of 1st period - Goal by Mitch Marner - Senateurs : 0 - Kings : 1.
5:12 of 1st period - Nick Suzuki wins face-off versus Nick Bjugstad in neutral zone.
5:15 of 1st period - Snap shot by Tyler Johnson.
5:15 of 1st period - Stopped by Mikko Koskinen with a rebound.
5:23 of 1st period - Wrist shot by Derick Brassard.
5:23 of 1st period - Shot Misses the Net.
5:25 of 1st period - Wrist shot by Taylor Chorney.
5:25 of 1st period - Deflect By Derick Brassard.
5:25 of 1st period - Shot Blocked by Charlie McAvoy.
5:25 of 1st period - Puck is out of play.
5:26 of 1st period - Sam Bennett wins face-off versus Nick Bjugstad in Kings zone.
5:35 of 1st period - Snap shot by Sam Bennett.
5:35 of 1st period - Stopped by Mikko Koskinen without a rebound.
5:36 of 1st period - Nick Bjugstad wins face-off versus Sam Bennett in Senateurs zone.
5:38 of 1st period - Minor Penalty to Eric Gelinas for Hooking.
5:39 of 1st period - Nick Bjugstad wins face-off versus Auston Matthews in Senateurs zone.
5:47 of 1st period - Tyler Johnson is hit by Ladislav Smid and loses puck.
6:12 of 1st period - Slapshot by Mitch Marner.
6:12 of 1st period - Stopped by Mikko Koskinen without a rebound.
6:13 of 1st period - Brandon Sutter wins face-off versus Nick Suzuki in Senateurs zone.
6:13 of 1st period - Brandon Sutter is hit by Matthew Tkachuk.
6:27 of 1st period - Slapshot by Mitch Marner.
6:27 of 1st period - Stopped by Mikko Koskinen without a rebound.
6:28 of 1st period - Nick Bjugstad wins face-off versus Auston Matthews in Senateurs zone.
7:38 of 1st period - Penalty to Eric Gelinas is over, Eric Gelinas is back on ice.
7:59 of 1st period - Sam Bennett is hit by Mark Stuart and loses puck.
8:22 of 1st period - Snap shot by Riley Sheahan.
8:22 of 1st period - Shot Misses the Net.
8:24 of 1st period - Backhand shot by Rostislav Olesz.
8:24 of 1st period - Stopped by Alexandar Georgiev without a rebound.
8:25 of 1st period - Pierre-Edouard Bellemare wins face-off versus Nick Suzuki in Kings zone.
8:42 of 1st period - Slapshot by Erik Gudbranson.
8:42 of 1st period - Stopped by Alexandar Georgiev with a rebound.
9:48 of 1st period - Jared Cowen is hit by Tomas Nosek and loses puck.
10:10 of 1st period - Erik Gudbranson is hit by Jared Cowen and loses puck.
10:35 of 1st period - Snap shot by Brian Ferlin.
10:35 of 1st period - Stopped by Mikko Koskinen without a rebound.
10:36 of 1st period - Nick Suzuki wins face-off versus Nick Bjugstad in Senateurs zone.
10:49 of 1st period - Snap shot by Derick Brassard.
10:49 of 1st period - Shot Misses the Net.
10:51 of 1st period - Wrist shot by Derick Brassard.
10:51 of 1st period - Stopped by Alexandar Georgiev with a rebound.
11:28 of 1st period - Off-side.
11:29 of 1st period - Pierre-Edouard Bellemare wins face-off versus Nick Suzuki in neutral zone.
11:36 of 1st period - Slapshot by Riley Sheahan.
11:36 of 1st period - Deflect By Rostislav Olesz.
11:36 of 1st period - Stopped by Alexandar Georgiev with a rebound.
11:38 of 1st period - Wrist shot by Pierre-Edouard Bellemare.
11:38 of 1st period - Shot Misses the Net.
11:56 of 1st period - Snap shot by Pierre-Edouard Bellemare.
11:56 of 1st period - Shot Misses the Net.
11:58 of 1st period - Wrist shot by Pierre-Edouard Bellemare.
11:58 of 1st period - Deflect By Johnny Gaudreau.
11:58 of 1st period - Stopped by Alexandar Georgiev without a rebound.
11:59 of 1st period - Auston Matthews wins face-off versus Nick Bjugstad in Kings zone.
12:03 of 1st period - Off-side.
12:04 of 1st period - Nick Bjugstad wins face-off versus Auston Matthews in neutral zone.
12:07 of 1st period - Colton Parayko is hit by Nick Bjugstad and loses puck.
12:30 of 1st period - Colton Parayko is hit by Erik Gudbranson and loses puck.
12:48 of 1st period - Minor Penalty to Mark Stuart for Holding.
12:49 of 1st period - Nick Bjugstad wins face-off versus Auston Matthews in Senateurs zone.
14:48 of 1st period - Penalty to Mark Stuart is over, Mark Stuart is back on ice.
14:52 of 1st period - Icing by Derick Brassard.
14:53 of 1st period - Riley Sheahan wins face-off versus Zac Rinaldo in Senateurs zone.
15:44 of 1st period - Wrist shot by Riley Sheahan.
15:44 of 1st period - Shot Blocked by Zac Rinaldo.
15:46 of 1st period - Slapshot by Erik Gudbranson.
15:46 of 1st period - Shot Misses the Net.
15:48 of 1st period - Slapshot by Eric Gelinas.
15:48 of 1st period - Stopped by Alexandar Georgiev with a rebound.
15:50 of 1st period - Snap shot by Rostislav Olesz.
15:50 of 1st period - Stopped by Alexandar Georgiev without a rebound.
15:51 of 1st period - Sam Bennett wins face-off versus Nick Bjugstad in Kings zone.
15:53 of 1st period - Minor Penalty to Sam Bennett for Roughing.
15:54 of 1st period - Nick Bjugstad wins face-off versus Tyler Johnson in Kings zone.
16:32 of 1st period - Slapshot by Erik Gudbranson.
16:32 of 1st period - Deflect By Martin Marincin.
16:32 of 1st period - Stopped by Alexandar Georgiev without a rebound.
16:33 of 1st period - Brandon Sutter wins face-off versus Chris Tierney in Kings zone.
16:46 of 1st period - Slapshot by Brandon Sutter.
16:46 of 1st period - Shot Misses the Net.
16:48 of 1st period - Wrist shot by Jordan Martinook.
16:48 of 1st period - Stopped by Alexandar Georgiev with a rebound.
16:50 of 1st period - Slapshot by Ladislav Smid.
16:50 of 1st period - Shot Blocked by Brian Ferlin.
16:52 of 1st period - Snap shot by William Nylander.
16:52 of 1st period - Stopped by Alexandar Georgiev with a rebound.
16:54 of 1st period - Slapshot by Ladislav Smid.
16:54 of 1st period - Stopped by Alexandar Georgiev without a rebound.
16:55 of 1st period - Tyler Johnson wins face-off versus Michael Frolik in Kings zone.
17:53 of 1st period - Penalty to Sam Bennett is over, Sam Bennett is back on ice.
18:05 of 1st period - Snap shot by Rostislav Olesz.
18:05 of 1st period - Shot Misses the Net.
18:43 of 1st period - Snap shot by Mattias Ekholm.
18:43 of 1st period - Stopped by Alexandar Georgiev without a rebound.
18:44 of 1st period - Nick Bjugstad wins face-off versus Zac Rinaldo in Kings zone.
19:11 of 1st period - Zac Rinaldo is hit by Derick Brassard and loses puck.
19:18 of 1st period - Michael Frolik is hit by Matthew Tkachuk and loses puck.
19:27 of 1st period - Slapshot by Zac Rinaldo.
19:27 of 1st period - Shot Misses the Net.
19:43 of 1st period - Wrist shot by Matthew Tkachuk.
19:43 of 1st period - Stopped by Mikko Koskinen with a rebound.
Goals for this period are 0 for Senateurs vs 1 for Kings.
Shots for this period are 15 for Senateurs vs 9 for Kings.
2nd period
0:01 of 2nd period - Tyler Johnson wins face-off versus Nick Bjugstad in neutral zone.
0:39 of 2nd period - Snap shot by Sam Bennett.
0:39 of 2nd period - Shot Blocked by Jordan Martinook.
1:01 of 2nd period - Snap shot by Riley Sheahan.
1:01 of 2nd period - Shot Misses the Net.
1:40 of 2nd period - Erik Gudbranson is hit by Jared Cowen and loses puck.
2:23 of 2nd period - Wrist shot by Auston Matthews.
2:23 of 2nd period - Shot Blocked by Derick Brassard.
3:34 of 2nd period - Off-side.
3:35 of 2nd period - Nick Suzuki wins face-off versus Nick Bjugstad in neutral zone.
3:40 of 2nd period - Mark Stuart is hit by Nick Suzuki.
4:08 of 2nd period - Wrist shot by Chris Tierney.
4:08 of 2nd period - Shot Misses the Net.
4:10 of 2nd period - Slapshot by Martin Marincin.
4:10 of 2nd period - Stopped by Mikko Koskinen with a rebound.
4:12 of 2nd period - Wrist shot by Mitch Marner.
4:12 of 2nd period - Stopped by Mikko Koskinen with a rebound.
4:14 of 2nd period - Slapshot by Martin Marincin.
4:14 of 2nd period - Stopped by Mikko Koskinen with a rebound.
4:16 of 2nd period - Snap shot by Mitch Marner.
4:16 of 2nd period - Shot Misses the Net.
5:12 of 2nd period - Slapshot by Jared Cowen.
5:12 of 2nd period - Shot Blocked by Dennis Everberg.
5:24 of 2nd period - Slapshot by Erik Gudbranson.
5:24 of 2nd period - Goal by Erik Gudbranson - Senateurs : 1 - Kings : 1.
5:25 of 2nd period - Derick Brassard wins face-off versus Sam Bennett in neutral zone.
5:58 of 2nd period - Snap shot by Jordan Martinook.
5:58 of 2nd period - Stopped by Alexandar Georgiev with a rebound.
6:00 of 2nd period - Slapshot by Jordan Martinook.
6:00 of 2nd period - Stopped by Alexandar Georgiev with a rebound.
6:02 of 2nd period - Slapshot by Eric Gelinas.
6:02 of 2nd period - Stopped by Alexandar Georgiev with a rebound.
6:16 of 2nd period - Slapshot by Victor Hedman.
6:16 of 2nd period - Shot Misses the Net.
6:18 of 2nd period - Slapshot by Martin Marincin.
6:18 of 2nd period - Shot Misses the Net.
6:20 of 2nd period - Slapshot by Mitch Marner.
6:20 of 2nd period - Shot Misses the Net.
6:22 of 2nd period - Slapshot by Martin Marincin.
6:22 of 2nd period - Shot Misses the Net.
6:24 of 2nd period - Snap shot by Chris Tierney.
6:24 of 2nd period - Shot Misses the Net.
6:26 of 2nd period - Snap shot by Mitch Marner.
6:26 of 2nd period - Stopped by Mikko Koskinen with a rebound.
7:26 of 2nd period - Snap shot by Tim Schaller.
7:26 of 2nd period - Stopped by Alexandar Georgiev without a rebound.
7:27 of 2nd period - Nick Bjugstad wins face-off versus Sam Bennett in Kings zone.
7:36 of 2nd period - Slapshot by Michael Frolik.
7:36 of 2nd period - Stopped by Alexandar Georgiev without a rebound.
7:37 of 2nd period - Nick Bjugstad wins face-off versus Sam Bennett in Kings zone.
8:20 of 2nd period - Slapshot by Michael Frolik.
8:20 of 2nd period - Stopped by Alexandar Georgiev without a rebound.
8:21 of 2nd period - Brandon Sutter wins face-off versus Nick Suzuki in Kings zone.
8:22 of 2nd period - Slapshot by Jordan Martinook.
8:22 of 2nd period - Shot Misses the Net.
8:24 of 2nd period - Snap shot by Eric Gelinas.
8:24 of 2nd period - Stopped by Alexandar Georgiev without a rebound.
8:25 of 2nd period - Brandon Sutter wins face-off versus Nick Suzuki in Kings zone.
9:34 of 2nd period - Slapshot by Ladislav Smid.
9:34 of 2nd period - Deflect By Charlie McAvoy.
9:34 of 2nd period - Stopped by Alexandar Georgiev without a rebound.
9:35 of 2nd period - Tim Schaller wins face-off versus Zac Rinaldo in Kings zone.
9:40 of 2nd period - Snap shot by Tim Schaller.
9:40 of 2nd period - Stopped by Alexandar Georgiev without a rebound.
9:41 of 2nd period - Nick Suzuki wins face-off versus Nick Bjugstad in Kings zone.
9:41 of 2nd period - Nick Suzuki is hit by Michael Frolik.
10:16 of 2nd period - Wrist shot by Johnny Gaudreau.
10:16 of 2nd period - Stopped by Mikko Koskinen without a rebound.
10:17 of 2nd period - Auston Matthews wins face-off versus Brandon Sutter in Senateurs zone.
10:43 of 2nd period - Minor Penalty to Neal Pionk for Unsportsmanlike conduct.
10:44 of 2nd period - Nick Bjugstad wins face-off versus Tyler Johnson in Kings zone.
10:44 of 2nd period - Wrist shot by Michael Frolik.
10:44 of 2nd period - Stopped by Alexandar Georgiev without a rebound.
10:45 of 2nd period - Tyler Johnson wins face-off versus Nick Bjugstad in Kings zone.
12:16 of 2nd period - Jared Cowen is hit by Derick Brassard and loses puck.
12:43 of 2nd period - Penalty to Neal Pionk is over, Neal Pionk is back on ice.
14:41 of 2nd period - Taylor Chorney is hit by Jared Cowen and loses puck.
14:52 of 2nd period - Mikko Rantanen is hit by Derick Brassard and loses puck.
15:13 of 2nd period - Icing by Rostislav Olesz.
15:14 of 2nd period - Auston Matthews wins face-off versus Pierre-Edouard Bellemare in Senateurs zone.
15:15 of 2nd period - Snap shot by Mitch Marner.
15:15 of 2nd period - Stopped by Mikko Koskinen with a rebound.
15:50 of 2nd period - Riley Sheahan is hit by Chris Tierney and loses puck.
15:55 of 2nd period - Wrist shot by Chris Tierney.
15:55 of 2nd period - Goal by Chris Tierney - Senateurs : 1 - Kings : 2.
15:56 of 2nd period - Nick Bjugstad wins face-off versus Nick Suzuki in neutral zone.
16:22 of 2nd period - Mikko Rantanen is hit by Brandon Sutter and loses puck.
16:29 of 2nd period - Slapshot by William Nylander.
16:29 of 2nd period - Stopped by Alexandar Georgiev without a rebound.
16:30 of 2nd period - Brandon Sutter wins face-off versus Nick Suzuki in Kings zone.
17:07 of 2nd period - Snap shot by Michael Frolik.
17:07 of 2nd period - Deflect By Derick Brassard.
17:07 of 2nd period - Stopped by Alexandar Georgiev without a rebound.
17:08 of 2nd period - Mitch Marner wins face-off versus Derick Brassard in Kings zone.
17:21 of 2nd period - Wrist shot by Derick Brassard.
17:21 of 2nd period - Deflect By Michael Frolik.
17:21 of 2nd period - Stopped by Alexandar Georgiev without a rebound.
17:22 of 2nd period - Brandon Sutter wins face-off versus Johnny Gaudreau in Kings zone.
17:38 of 2nd period - Eric Gelinas is hit by Colton Parayko and loses puck.
17:49 of 2nd period - Brandon Sutter is hit by Chris Tierney and loses puck.
17:55 of 2nd period - Off-side.
17:56 of 2nd period - Auston Matthews wins face-off versus Nick Bjugstad in neutral zone.
18:01 of 2nd period - Wrist shot by Auston Matthews.
18:01 of 2nd period - Shot Blocked by Ladislav Smid.
18:03 of 2nd period - Snap shot by Chris Tierney.
18:03 of 2nd period - Shot Hit the Post.
18:05 of 2nd period - Wrist shot by Mitch Marner.
18:05 of 2nd period - Stopped by Mikko Koskinen with a rebound.
18:13 of 2nd period - Wrist shot by Auston Matthews.
18:13 of 2nd period - Stopped by Mikko Koskinen with a rebound.
18:23 of 2nd period - Nick Bjugstad is hit by Chris Tierney and loses puck.
Goals for this period are 1 for Senateurs vs 1 for Kings.
Shots for this period are 14 for Senateurs vs 9 for Kings.
3rd period
0:01 of 3rd period - Brandon Sutter wins face-off versus Johnny Gaudreau in neutral zone.
1:09 of 3rd period - Martin Marincin is hit by Mattias Ekholm and loses puck.
1:38 of 3rd period - Slapshot by Brandon Sutter.
1:38 of 3rd period - Shot Blocked by Nick Suzuki.
1:40 of 3rd period - Slapshot by Brandon Sutter.
1:40 of 3rd period - Stopped by Alexandar Georgiev with a rebound.
2:17 of 3rd period - Off-side.
2:18 of 3rd period - Sam Bennett wins face-off versus Nick Bjugstad in neutral zone.
2:25 of 3rd period - Slapshot by Mikko Rantanen.
2:25 of 3rd period - Stopped by Mikko Koskinen with a rebound.
2:27 of 3rd period - Wrist shot by Sam Bennett.
2:27 of 3rd period - Shot Misses the Net.
2:29 of 3rd period - Snap shot by Neal Pionk.
2:29 of 3rd period - Deflect By Sam Bennett.
2:29 of 3rd period - Stopped by Mikko Koskinen without a rebound.
2:30 of 3rd period - Sam Bennett wins face-off versus Brandon Sutter in Senateurs zone.
3:33 of 3rd period - Slapshot by Nick Bjugstad.
3:33 of 3rd period - Deflect By Derick Brassard.
3:33 of 3rd period - Shot Blocked by Nick Suzuki.
3:33 of 3rd period - Puck is out of play.
3:34 of 3rd period - Sam Bennett wins face-off versus Brandon Sutter in Kings zone.
4:11 of 3rd period - Minor Penalty to Colton Parayko for High sticking.
4:12 of 3rd period - Nick Bjugstad wins face-off versus Tyler Johnson in Kings zone.
4:24 of 3rd period - Snap shot by Michael Frolik.
4:24 of 3rd period - Stopped by Alexandar Georgiev without a rebound.
4:25 of 3rd period - Brian Ferlin wins face-off versus Nick Bjugstad in Kings zone.
4:38 of 3rd period - Wrist shot by Brian Ferlin.
4:38 of 3rd period - Stopped by Mikko Koskinen without a rebound.
4:39 of 3rd period - Nick Bjugstad wins face-off versus Tyler Johnson in Senateurs zone.
5:06 of 3rd period - Erik Gudbranson is hit by Brian Ferlin and loses puck.
6:11 of 3rd period - Penalty to Colton Parayko is over, Colton Parayko is back on ice.
6:42 of 3rd period - Snap shot by Colton Parayko.
6:42 of 3rd period - Shot Misses the Net.
7:19 of 3rd period - Wrist shot by Tomas Nosek.
7:19 of 3rd period - Shot Misses the Net.
7:39 of 3rd period - Wrist shot by Tomas Nosek.
7:39 of 3rd period - Stopped by Alexandar Georgiev with a rebound.
7:41 of 3rd period - Slapshot by Taylor Chorney.
7:41 of 3rd period - Deflect By Zac Rinaldo.
7:41 of 3rd period - Stopped by Alexandar Georgiev with a rebound.
7:43 of 3rd period - Slapshot by Mattias Ekholm.
7:43 of 3rd period - Stopped by Alexandar Georgiev without a rebound.
7:44 of 3rd period - Derick Brassard wins face-off versus Nick Suzuki in Kings zone.
8:01 of 3rd period - Wrist shot by Johnny Gaudreau.
8:01 of 3rd period - Shot Blocked by Erik Gudbranson.
8:13 of 3rd period - Icing by Brandon Sutter.
8:14 of 3rd period - Sam Bennett wins face-off versus Brandon Sutter in Senateurs zone.
8:17 of 3rd period - Wrist shot by Brian Ferlin.
8:17 of 3rd period - Stopped by Mikko Koskinen with a rebound.
8:37 of 3rd period - Jordan Martinook is hit by Mikko Rantanen.
9:07 of 3rd period - Wrist shot by Jordan Martinook.
9:07 of 3rd period - Shot Misses the Net.
9:09 of 3rd period - Wrist shot by Jordan Martinook.
9:09 of 3rd period - Goal by Jordan Martinook - Senateurs : 2 - Kings : 2.
9:10 of 3rd period - Nick Bjugstad wins face-off versus Nick Suzuki in neutral zone.
9:23 of 3rd period - Charlie McAvoy is hit by Michael Frolik.
9:44 of 3rd period - Minor Penalty to Charlie McAvoy for Interference.
9:45 of 3rd period - Tyler Johnson wins face-off versus Nick Bjugstad in Kings zone.
11:44 of 3rd period - Penalty to Charlie McAvoy is over, Charlie McAvoy is back on ice.
12:36 of 3rd period - Chris Tierney is hit by Pierre-Edouard Bellemare and loses puck.
12:47 of 3rd period - Wrist shot by Alex Killorn.
12:47 of 3rd period - Stopped by Mikko Koskinen without a rebound.
12:48 of 3rd period - Tomas Nosek wins face-off versus Matthew Tkachuk in Senateurs zone.
13:13 of 3rd period - Jordan Martinook is hit by Sam Bennett and loses puck.
13:22 of 3rd period - Snap shot by William Nylander.
13:22 of 3rd period - Shot Misses the Net.
13:44 of 3rd period - Snap shot by Johnny Gaudreau.
13:44 of 3rd period - Shot Misses the Net.
13:46 of 3rd period - Slapshot by Nick Suzuki.
13:46 of 3rd period - Shot Misses the Net.
14:13 of 3rd period - Mattias Ekholm is hit by Charlie McAvoy and loses puck.
15:05 of 3rd period - Slapshot by Mitch Marner.
15:05 of 3rd period - Deflect By Chris Tierney.
15:05 of 3rd period - Stopped by Mikko Koskinen with a rebound.
15:15 of 3rd period - Chris Tierney is hit by Rostislav Olesz and loses puck.
15:44 of 3rd period - Snap shot by Rostislav Olesz.
15:44 of 3rd period - Stopped by Alexandar Georgiev without a rebound.
15:45 of 3rd period - Nick Bjugstad wins face-off versus Nick Suzuki in Kings zone.
15:46 of 3rd period - Slapshot by Michael Frolik.
15:46 of 3rd period - Stopped by Alexandar Georgiev without a rebound.
15:47 of 3rd period - Nick Suzuki wins face-off versus Nick Bjugstad in Kings zone.
15:49 of 3rd period - Minor Penalty to Victor Hedman for Interference.
15:50 of 3rd period - Nick Bjugstad wins face-off versus Tyler Johnson in Kings zone.
16:04 of 3rd period - Tyler Johnson is hit by Michael Frolik and loses puck.
16:37 of 3rd period - Derick Brassard is hit by Sam Bennett and loses puck.
17:36 of 3rd period - Erik Gudbranson is hit by Tyler Johnson and loses puck.
17:49 of 3rd period - Penalty to Victor Hedman is over, Victor Hedman is back on ice.
18:05 of 3rd period - Snap shot by Dennis Everberg.
18:05 of 3rd period - Shot Misses the Net.
18:40 of 3rd period - Matthew Tkachuk is hit by William Nylander and loses puck.
18:48 of 3rd period - Icing by Charlie McAvoy.
18:49 of 3rd period - Brandon Sutter wins face-off versus Sam Bennett in Kings zone.
19:04 of 3rd period - Mark Stuart is hit by Chris Tierney and loses puck.
Goals for this period are 1 for Senateurs vs 0 for Kings.
Shots for this period are 8 for Senateurs vs 6 for Kings.
Overtime #1
0:01 of 1st overtime period - Johnny Gaudreau wins face-off versus Derick Brassard in neutral zone.
0:14 of 1st overtime period - Wrist shot by Johnny Gaudreau.
0:14 of 1st overtime period - Shot Blocked by Erik Gudbranson.
0:16 of 1st overtime period - Wrist shot by Johnny Gaudreau.
0:16 of 1st overtime period - Stopped by Mikko Koskinen without a rebound.
0:17 of 1st overtime period - Johnny Gaudreau wins face-off versus Derick Brassard in Senateurs zone.
0:20 of 1st overtime period - Snap shot by Johnny Gaudreau.
0:20 of 1st overtime period - Shot Misses the Net.
0:22 of 1st overtime period - Snap shot by Johnny Gaudreau.
0:22 of 1st overtime period - Stopped by Mikko Koskinen with a rebound.
0:24 of 1st overtime period - Snap shot by Johnny Gaudreau.
0:24 of 1st overtime period - Shot Blocked by Erik Gudbranson.
0:26 of 1st overtime period - Wrist shot by Johnny Gaudreau.
0:26 of 1st overtime period - Stopped by Mikko Koskinen with a rebound.
0:28 of 1st overtime period - Snap shot by Tyler Johnson.
0:28 of 1st overtime period - Shot Misses the Net.
0:30 of 1st overtime period - Wrist shot by Tyler Johnson.
0:30 of 1st overtime period - Shot Misses the Net.
0:32 of 1st overtime period - Snap shot by Tyler Johnson.
0:32 of 1st overtime period - Shot Misses the Net.
0:42 of 1st overtime period - Jared Cowen is hit by Brandon Sutter and loses puck.
0:53 of 1st overtime period - Slapshot by Michael Frolik.
0:53 of 1st overtime period - Stopped by Alexandar Georgiev with a rebound.
1:23 of 1st overtime period - Pierre-Edouard Bellemare is hit by Brian Ferlin and loses puck.
2:00 of 1st overtime period - Slapshot by Michael Frolik.
2:00 of 1st overtime period - Stopped by Alexandar Georgiev with a rebound.
2:02 of 1st overtime period - Snap shot by Brandon Sutter.
2:02 of 1st overtime period - Stopped by Alexandar Georgiev with a rebound.
2:44 of 1st overtime period - Pierre-Edouard Bellemare is hit by Jared Cowen and loses puck.
3:35 of 1st overtime period - Jared Cowen is hit by Erik Gudbranson and loses puck.
3:48 of 1st overtime period - Victor Hedman is hit by Riley Sheahan and loses puck.
Goals for this period are 0 for Senateurs vs 0 for Kings.
Shots for this period are 3 for Senateurs vs 3 for Kings.
ShootOut
5:00 of 1st overtime period - Round #1.
5:00 of 1st overtime period - Senateurs, Nick Bjugstad.
5:00 of 1st overtime period - Wrist shot by Nick Bjugstad.
5:00 of 1st overtime period - Stopped by Alexandar Georgiev.
5:00 of 1st overtime period - Kings, Johnny Gaudreau.
5:00 of 1st overtime period - Wrist shot by Johnny Gaudreau.
5:00 of 1st overtime period - Shot Misses the Net.
5:00 of 1st overtime period - Round #2.
5:00 of 1st overtime period - Senateurs, Derick Brassard.
5:00 of 1st overtime period - Wrist shot by Derick Brassard.
5:00 of 1st overtime period - Stopped by Alexandar Georgiev.
5:00 of 1st overtime period - Kings, Nick Suzuki.
5:00 of 1st overtime period - Wrist shot by Nick Suzuki.
5:00 of 1st overtime period - Stopped by Mikko Koskinen.
5:00 of 1st overtime period - Round #3.
5:00 of 1st overtime period - Senateurs, Brandon Sutter.
5:00 of 1st overtime period - Snap shot by Brandon Sutter.
5:00 of 1st overtime period - Stopped by Alexandar Georgiev.
5:00 of 1st overtime period - Kings, Mikko Rantanen.
5:00 of 1st overtime period - Wrist shot by Mikko Rantanen.
5:00 of 1st overtime period - Stopped by Mikko Koskinen.
5:00 of 1st overtime period - Round #4.
5:00 of 1st overtime period - Senateurs, Michael Frolik.
5:00 of 1st overtime period - Deke by Michael Frolik.
5:00 of 1st overtime period - Shot Misses the Net.
5:00 of 1st overtime period - Kings, Auston Matthews.
5:00 of 1st overtime period - Backhand shot by Auston Matthews.
5:00 of 1st overtime period - Stopped by Mikko Koskinen.
5:00 of 1st overtime period - Round #5.
5:00 of 1st overtime period - Senateurs, Riley Sheahan.
5:00 of 1st overtime period - Deke by Riley Sheahan.
5:00 of 1st overtime period - Goal by Riley Sheahan.
5:00 of 1st overtime period - Kings, Tyler Johnson.
5:00 of 1st overtime period - Wrist shot by Tyler Johnson.
5:00 of 1st overtime period - Stopped by Mikko Koskinen.